 Dungeon Crawl Stone Soup version 0.27.1-33-g824d729ab1 (webtiles) character file.

Game seed: 11958914768463223876

71383 13raion the Severer (level 14, 0/163 HPs)
             Began as a Minotaur Berserker on Dec 4, 2021.
             Was a High Priest of Trog.
             Slain by a death knight (3 damage)
             ... while petrified by Jorgrun
             ... on level 13 of the Dungeon.
             The game lasted 01:02:34 (15682 turns).

13raion the Severer (Minotaur Berserker)           Turns: 15682, Time: 01:02:35

Health: 0/163      AC: 22    Str: 36    XL:     14   Next: 97%
Magic:  11/11      EV:  2    Int:  0    God:    Trog [*****.]
Gold:   1103       SH:  0    Dex:  6    Spells: 13/13 levels left

rFire    . . .     SeeInvis .   b - +2 broad axe (vorpal)
rCold    + + +     Faith    .   A - +3 kite shield {AC+3}
rNeg     + + +     Spirit   .   Q - +0 plate armour of Past Mistakes {+Blink rPois rC+ Str+4}
rPois    ∞         Reflect  .   (helmet restricted)
rElec    .         Harm     .   h - +2 cloak "Nutimuil" {rC+}
rCorr    .         Rampage  .   E - +1 pair of gloves {Str+3}
Will     +....     Rnd*Rage +   n - +0 pair of boots {Fly}
Stlth    ..........             m - amulet of regeneration
HPRegen  1.37/turn              c - ring "Viybit" {rPois rC+ Stlth+}
MPRegen  0.12/turn              C - +6 ring of strength

@: berserking, petrified, unable to read, flying, slowed, lost intelligence
A: horns 2, retaliatory headbutt, berserk 2, clumsy 2, deformed body, dopey 2,
frail 2, low mp 1, screaming 2, weak 2, subdued magic 2, inability to read while
threatened
a: Renounce Religion, Evoke Blink, Berserk, Trog's Hand, Brothers in Arms


You were on level 13 of the Dungeon.
You worshipped Trog.
Trog was extremely pleased with you.
You visited 2 branches of the dungeon, and saw 19 of its levels.
You also visited: Sewer and Bailey.

You collected 1229 gold pieces.
You spent 126 gold pieces at shops.

Inventory:

Hand Weapons
 b - a +2 vorpal broad axe (weapon)
 O - a +3 vorpal great sword
Missiles
 X - 3 throwing nets (quivered)
Armour
 h - the +2 cloak "Nutimuil" (worn) {rC+}
   (You found it on level 11 of the Dungeon)

   rC:        It protects you from cold.
 n - a +0 pair of boots of flying (worn)
 A - a +3 kite shield of protection (worn)
 E - a +1 pair of gloves of strength (worn)
 Q - the +0 plate armour of Past Mistakes (worn) {+Blink rPois rC+ Str+4}
   (You found it on level 4 of the Lair of Beasts)

   Str:       It affects your strength (+4).
   rC:        It protects you from cold.
   rPois:     It protects you from poison.
   +Blink:    It lets you blink.
 R - a +2 scale mail of poison resistance
Jewellery
 c - the ring "Viybit" (left hand) {rPois rC+ Stlth+}
   (You acquired it on level 4 of the Dungeon)

   [ring of protection from cold]

   rC:        It protects you from cold.
   rPois:     It protects you from poison.
   Stlth:     It makes you more stealthy.
 m - an amulet of regeneration (around neck)
 B - a +6 ring of dexterity
 C - a +6 ring of strength (right hand)
 G - a ring of flight
 L - a ring of protection from fire
 N - a ring of ice
 P - a ring of positive energy
 S - a ring of resist corrosion
Wands
 l - a wand of iceblast (4)
 r - a wand of mindburst (5)
 s - a wand of polymorph (17)
 x - a wand of paralysis (7)
 y - a wand of acid (46)
 Y - a wand of charming (7)
Scrolls
 a - a scroll of enchant armour
 e - a scroll of magic mapping {unknown}
 g - 5 scrolls of teleportation
 q - 8 scrolls of fog
 w - 2 scrolls of noise
 F - 3 scrolls of fear
 I - a scroll of summoning
 W - 2 scrolls of identify
Potions
 d - 8 potions of curing
 f - 4 potions of heal wounds
 i - 3 potions of berserk rage
 j - a potion of invisibility {unknown}
 k - 6 potions of resistance
 o - 4 potions of attraction
 p - 4 potions of degeneration
 t - 10 potions of ambrosia
 u - 4 potions of magic
 z - a potion of lignification {unknown}
 H - 5 potions of haste {unknown}
 M - a potion of flight {unknown}
 T - 3 potions of cancellation
 U - 3 potions of mutation
 V - a potion of brilliance {unknown}
 Z - a potion of might {unknown}
Miscellaneous
 J - a lightning rod (4/4)


   Skills:
 * Level 16.0 Fighting
 + Level 17.4 Axes
 * Level 13.8 Armour
 * Level 9.2 Dodging
 * Level 11.9 Shields


You had 13 spell levels left.
You didn't know any spells.
Your spell library was empty.

Dungeon Overview and Level Annotations

Branches:
Dungeon (13/15)            Temple (0/1) D:4            Lair (6/6) D:10
  Swamp (0/4) Lair:2       Spider (0/4) Lair:2        Slime (0/5) Lair:6
    Orc (0/2) D:11         Vaults (0/5) D:13          Sewer (visited)
 Bailey (visited)

Altars:
Cheibriados
Elyvilon
Nemelex Xobeh
Qazlal
Ru
Sif Muna
Uskayaw
Zin

Shops:
D:7 =   D:9 !   D:12 (:(*

Annotations:
D:13 Jorgrun


Innate Abilities, Weirdness & Mutations

You have a pair of horns on your head.
You reflexively headbutt those who attack you in melee.
You often lose your temper in combat.
You are very clumsy. (Dex -4)
Armour fits poorly on your strangely shaped body.
You are very dopey. (Int -4)
You are very frail. (-20% HP)
Your magical capacity is low. (-10% MP)
You frequently scream uncontrollably at your foes.
You are very weak. (Str -4)
Your spells are easier to cast, but less powerful.
You sometimes lose the ability to read scrolls when taking damage.


Message History

The vampire mosquito buzzes angrily.
Your limbs are stiffening.
You are too berserk!
You slash the death knight!
The death knight is almost dead.
You closely miss Jorgrun.
Your shield and plate armour of Past Mistakes prevent you from hitting the centaur warrior.
The centaur warrior hits you but does no damage.
The centaur warrior kicks you.
* * * LOW HITPOINT WARNING * * *
Jorgrun points at you and mumbles some strange words.
The iron shot hits you!
* * * LOW HITPOINT WARNING * * *
The death knight invokes the aid of Yredelemnul against you.
You struggle to resist.
The centaur warrior hits you but does no damage.
The centaur warrior kicks you but does no damage.
You have turned to stone.
Jorgrun casts a spell at you. The iron shot hits you!!!
* * * LOW HITPOINT WARNING * * *
The death knight completely misses you.
The centaur warrior hits you but does no damage.
The centaur warrior kicks you but does no damage.
The centaur warrior hits you but does no damage.
The centaur warrior kicks you but does no damage.
Jorgrun hits you but does no damage.
A vampire mosquito comes into view.
The death knight hits you with a +3 battleaxe!
* * * LOW HITPOINT WARNING * * *
The vampire mosquito bites you but does no damage.
The centaur warrior hits you but does no damage.
The centaur warrior kicks you.
* * * LOW HITPOINT WARNING * * *
The vampire mosquito buzzes angrily.
The vampire mosquito bites you!
* * * LOW HITPOINT WARNING * * *
Jorgrun hits you but does no damage.
The death knight hits you with a +3 battleaxe!
You die...

+........# # .
#####.#### .#
#.######.#
#####.........
###....#####.###
........'.###.#####.#
........#...........#
.##.#########c#####.##
.. ......(.p@y..y...
.. #######)g#####.#. .
#'## #.....c.....
#...........
#...........
#..[.........
..#......$...#
...#..........#


You could see Jorgrun, a death knight, a centaur warrior and 2 vampire
mosquitoes.

Vanquished Creatures
  A very ugly thing (D:11)
  Snorg (D:12)
  Fannar (Lair:1)
  2 boulder beetles
  3 hydras
  The ghost of Jabberih the Spear-Bearer, a journeyman MfIE of Vehumet (D:11)
  An anaconda (Lair:6)
  A merfolk avatar (Lair:6)
  A catoblepas (Lair:6)
  5 two-headed ogres
  12 death yaks
  4 skeletal warriors (D:11)
  2 sea snakes (Lair:6)
  A necromancer (Lair:4)
  A harpy (Lair:6)
  A harpy (shapeshifter) (D:13)
  A deep elf pyromancer (D:12)
  5 ugly things
  3 manticores
  12 elephants
  A black mamba (shapeshifter) (D:11)
  The ghost of emdikay the Ruffian, a novice TrMo of Vehumet (D:4)
  2 black mambas
  Maggie (D:6)
  A gargoyle (D:9)
  15 cane toads
  A kobold demonologist (D:12)
  3 rime drakes
  9 komodo dragons
  A wind drake (Lair:6)
  A meliai (shapeshifter) (D:11)
  3 meliai (D:10)
  A polar bear (Lair:6)
  2 hornets (Lair:6)
  A queen bee (Lair:2)
  2 trolls (D:12)
  A snapping turtle (Lair:6)
  16 blink frogs
  A blink frog (shapeshifter) (D:11)
  A slime creature (shapeshifter) (D:13)
  5 dream sheep (Lair:4)
  A meliai zombie (D:7)
  A vampire (D:12)
  3 wraiths
  7 wyverns
  2 redbacks (Lair:2)
  46 yaks
  A tarantella (shapeshifter) (D:11)
  2 neqoxecs (D:11)
  6 basilisks
  4 steam dragons
  7 vampire mosquitoes
  A redback simulacrum (D:12)
  Menkaure (D:6)
  11 water moccasins
  4 orc warriors
  2 ice beasts (D:6)
  2 ogres
  2 ice beasts (shapeshifter)
  4 black bears
  An elephant zombie (Lair:4)
  2 centaurs
  5 wolves (Lair:6)
  A kobold brigand (D:8)
  Blork the orc (D:4)
  A komodo dragon zombie (Lair:4)
  A gnoll sergeant (D:8)
  A water moccasin zombie (D:5)
  18 bullfrogs
  4 scorpions
  2 water moccasin skeletons
  54 killer bees
  16 wights
  3 electric eels (D:12)
  8 centaur zombies
  2 howler monkeys (D:8)
  A bullfrog zombie (D:7)
  4 orc priests
  Crazy Yiuf (D:5)
  2 hounds
  2 jellies
  A bullfrog skeleton (D:6)
  2 iguanas (D:6)
  2 orc wizards
  Natasha (D:4)
  2 killer bee zombies (D:8)
  9 gnolls
  10 adders
  2 shadow imps
  A white imp (D:6)
  2 ufetubi
  3 worms
  A dart slug (D:3)
  28 orcs
  5 bats
  6 endoplasms
  11 giant cockroaches
  7 goblins
  4 hobgoblins
  4 jackals
  18 kobolds
  3 quokkas (Sewer)
  10 ball pythons
  13 frilled lizards
  5 rats
515 creatures vanquished.

Vanquished Creatures (collateral kills)
  Frances (D:12)
  An orc warlord (Bailey)
  A hydra (Lair:3)
  A centaur warrior (D:13)
  An ugly thing (D:11)
  A yak (Lair:6)
  A howler monkey skeleton (D:5)
  2 hobgoblins (Bailey)
9 creatures vanquished.

Vanquished Creatures (others)
  13 fungi
  46 plants
59 creatures vanquished.

Grand Total: 583 creatures vanquished

Notes
Turn   | Place    | Note
-------+----------+-------------------------------------------
     0 | D:1      | 13raion the Minotaur Berserker began the quest for the Orb.
     0 | D:1      | Reached XP level 1. HP: 19/19 MP: 0/0
   115 | D:1      | Reached skill level 4 in Axes
   131 | D:1      | Reached XP level 2. HP: 22/27 MP: 1/1
   327 | D:1      | Found a faded altar of an unknown god.
   645 | D:1      | Reached ** piety under Trog
   949 | D:2      | Reached XP level 3. HP: 23/34 MP: 2/2
  1489 | D:2      | Reached skill level 5 in Axes
  1711 | D:3      | Reached XP level 4. HP: 41/41 MP: 3/3
  1778 | D:3      | Found a glowing drain.
  1792 | D:3      | Reached skill level 5 in Fighting
  1820 | Sewer    | Entered a sewer
  2139 | Sewer    | Noticed a bullfrog
  2139 | Sewer    | Noticed a bullfrog
  2143 | Sewer    | Killed a bullfrog
  2144 | Sewer    | Reached skill level 6 in Axes
  2144 | Sewer    | Reached XP level 5. HP: 39/48 MP: 4/4
  2725 | D:3      | Reached XP level 6. HP: 53/57 MP: 5/5
  2739 | D:3      | Reached *** piety under Trog
  2740 | D:3      | Reached skill level 7 in Axes
  3236 | D:3      | Found a sparkling altar of Nemelex Xobeh.
  3310 | D:4      | Found a runed translucent door.
  3311 | D:4      | Identified a scroll of acquirement
  3311 | D:4      | Acquired the ring "Viybit" {rPois rC+ Stlth+}
  3321 | D:4      | Noticed emdikay's ghost (novice TrMo)
  3340 | D:4      | Killed emdikay's ghost
  3341 | D:4      | Reached skill level 9 in Axes
  3341 | D:4      | Reached XP level 7. HP: 36/64 MP: 6/6
  3465 | D:4      | Found a staircase to the Ecumenical Temple.
  3578 | D:4      | Found a hide-covered altar of Uskayaw.
  3628 | D:4      | Noticed Blork the orc
  3650 | D:4      | Killed Blork the orc
  3651 | D:4      | Reached XP level 8. HP: 49/73 MP: 7/7
  3769 | D:4      | Noticed Natasha
  3777 | D:4      | Killed Natasha
  3862 | D:5      | Entered Level 5 of the Dungeon
  3932 | D:5      | Reached skill level 10 in Axes
  4008 | D:5      | Identified the +7 chain mail of Brilliance {Int+7 Dex+4}
  4063 | D:5      | Found a sacrificial altar of Ru.
  4182 | D:5      | Found a stormy altar of Qazlal.
  4418 | D:5      | Found a runed translucent door.
  4419 | D:5      | Noticed Crazy Yiuf
  4627 | D:5      | Killed Crazy Yiuf
  4689 | D:6      | Reached **** piety under Trog
  4754 | D:6      | Noticed Menkaure
  4760 | D:6      | Killed Menkaure
  4761 | D:6      | Reached skill level 11 in Axes
  4824 | D:6      | Noticed Maggie
  4825 | D:6      | Reached XP level 9. HP: 84/84 MP: 8/8
  4834 | D:6      | Killed Maggie
  4876 | D:6      | Reached skill level 5 in Armour
  5131 | D:7      | Reached skill level 10 in Fighting
  5198 | D:7      | Found a white marble altar of Elyvilon.
  5262 | D:7      | Reached ***** piety under Trog
  5263 | D:7      | Reached skill level 12 in Axes
  5479 | D:7      | Found Xiacoh's Jewellery Shoppe.
  5626 | D:7      | Reached XP level 10. HP: 91/93 MP: 9/9
  5806 | D:7      | Found a shimmering blue altar of Sif Muna.
  6085 | D:8      | Found a snail-covered altar of Cheibriados.
  6308 | D:8      | Noticed a two-headed ogre
  6324 | D:8      | Killed a two-headed ogre
  6325 | D:8      | Reached skill level 13 in Axes
  7151 | D:9      | Found a flagged portal.
  7160 | Bailey   | Entered a bailey
  7165 | Bailey   | Noticed an orc warlord
  7219 | Bailey   | Found a runed translucent gate.
  7219 | Bailey   | Found a runed translucent gate.
  7219 | Bailey   | Found a runed translucent gate.
  7300 | Bailey   | Killed an orc warlord
  7301 | Bailey   | Reached XP level 11. HP: 105/105 MP: 10/10
  7380 | Bailey   | Acquired a +2 kite shield of protection
  7387 | Bailey   | Acquired a +0 pair of gloves of strength
  7414 | D:9      | Found Urirr's Distillery.
  7432 | D:9      | Noticed a white ugly thing
  7445 | D:9      | Killed a white ugly thing
  7732 | D:9      | Reached skill level 1 in Shields
  8079 | D:9      | You fall into a shaft and drop 2 floors!
  8150 | D:11     | Noticed a two-headed ogre
  8157 | D:11     | Killed a two-headed ogre
  8158 | D:11     | Reached skill level 14 in Axes
  8195 | D:10     | Entered Level 10 of the Dungeon
  8201 | D:10     | Found a staircase to the Lair.
  8227 | D:10     | Reached skill level 10 in Armour
  8388 | D:10     | Noticed a two-headed ogre
  8394 | D:10     | Killed a two-headed ogre
  8830 | D:9      | Found a glowing silver altar of Zin.
  8893 | Lair:1   | Entered Level 1 of the Lair of Beasts
  9181 | Lair:1   | Noticed a five-headed hydra
  9188 | Lair:1   | Reached XP level 12. HP: 115/115 MP: 11/11
  9192 | Lair:1   | Killed a two-headed hydra
  9193 | Lair:1   | Reached skill level 5 in Shields
  9320 | Lair:1   | Noticed Fannar
  9331 | Lair:1   | Killed Fannar
  9332 | Lair:1   | Reached skill level 5 in Dodging
  9419 | Lair:1   | Received a gift from Trog
  9420 | Lair:1   | Reached skill level 15 in Axes
  9908 | Lair:2   | Found a hole to the Spider Nest.
 10362 | Lair:2   | Noticed an eight-headed hydra
 10373 | Lair:2   | Killed a six-headed hydra
 10609 | Lair:2   | Found a staircase to the Swamp.
 10975 | Lair:3   | Noticed a boulder beetle
 10987 | Lair:3   | Killed a boulder beetle
 11112 | Lair:3   | Noticed an eight-headed hydra
 11202 | Lair:4   | Reached XP level 13. HP: 97/124 MP: 12/12
 11339 | Lair:4   | Reached ****** piety under Trog
 11771 | Lair:4   | Identified the +0 plate armour of Past Mistakes {+Blink
                  | rPois rC+ Str+4}
 12176 | Lair:5   | Received a gift from Trog
 12177 | Lair:5   | Reached skill level 16 in Axes
 12660 | Lair:6   | Entered Level 6 of the Lair of Beasts
 12834 | Lair:6   | Reached skill level 15 in Fighting
 12995 | Lair:6   | Found a snail-covered altar of Cheibriados.
 13012 | Lair:6   | Reached XP level 14. HP: 135/135 MP: 13/13
 13049 | Lair:6   | Found a staircase to the Slime Pits.
 13190 | Lair:6   | Reached skill level 10 in Shields
 13837 | Lair:3   | Reached skill level 17 in Axes
 14313 | D:11     | Found a staircase to the Orcish Mines.
 14432 | D:11     | Found a runed translucent gate.
 14432 | D:11     | Found a runed translucent gate.
 14432 | D:11     | Found a runed translucent gate.
 14436 | D:11     | Noticed a brown very ugly thing
 14455 | D:11     | Killed a green very ugly thing
 14470 | D:11     | Found a runed translucent gate.
 14470 | D:11     | Found a runed translucent gate.
 14473 | D:11     | Found a runed translucent gate.
 14473 | D:11     | Noticed Jabberih's ghost (journeyman MfIE)
 14483 | D:11     | Gained mutation: You are weak. (Str -2) [a neqoxec]
 14483 | D:11     | Gained mutation: Armour fits poorly on your strangely
                  | shaped body. [a neqoxec]
 14483 | D:11     | Gained mutation: You sometimes lose the ability to read
                  | scrolls when taking damage. [a neqoxec]
 14490 | D:11     | Killed Jabberih's ghost
 14499 | D:11     | Gained mutation: You are clumsy. (Dex -2) [a neqoxec]
 14505 | D:11     | Gained mutation: Your magical capacity is low. (-10% MP) [a
                  | neqoxec]
 14515 | D:11     | Identified the +2 cloak "Nutimuil" {rC+}
 14523 | D:11     | Gained mutation: You occasionally shout uncontrollably at
                  | your foes. [mutagenic glow]
 14540 | D:11     | Gained mutation: You are dopey. (Int -2) [mutagenic glow]
 14554 | D:11     | Gained mutation: You are very clumsy. (Dex -4) [mutagenic
                  | glow]
 14568 | D:11     | Lost intelligence.
 14568 | D:11     | Gained mutation: You are very dopey. (Int -4) [mutagenic
                  | glow]
 14580 | D:11     | Gained mutation: You frequently scream uncontrollably at
                  | your foes. [mutagenic glow]
 14586 | D:11     | Gained mutation: You tend to lose your temper in combat.
                  | [mutagenic glow]
 14593 | D:11     | Gained mutation: Your spells are a little easier to cast,
                  | but a little less powerful. [mutagenic glow]
 14604 | D:11     | Gained mutation: You are very weak. (Str -4) [mutagenic
                  | glow]
 14610 | D:11     | Gained mutation: You are frail. (-10% HP) [mutagenic glow]
 14621 | D:11     | Gained mutation: You are very frail. (-20% HP) [mutagenic
                  | glow]
 14627 | D:11     | Gained mutation: You often lose your temper in combat.
                  | [mutagenic glow]
 14636 | D:11     | Gained mutation: Your spells are easier to cast, but less
                  | powerful. [mutagenic glow]
 14914 | D:12     | Found Zuhifif's Antique Weapon Boutique.
 15119 | D:12     | Found Wigucre's Book Shoppe.
 15237 | D:12     | Found Mil Dixt's Weapon Shop.
 15241 | D:12     | Noticed Snorg
 15252 | D:12     | Killed Snorg
 15345 | D:12     | Found Noppion's General Store.
 15350 | D:12     | Bought a +0 pair of boots of flying for 126 gold pieces
 15370 | D:12     | Noticed Frances
 15374 | D:12     | Killed Frances
 15557 | D:13     | Found a gate to the Vaults.
 15669 | D:13     | Noticed Jorgrun
 15681 | D:13     | HP: 6/163 [death knight (8)]
 15682 | D:13     | Slain by a death knight

Illustrated notes

Levels and vault maps discovered:
D:1:      lightli_arrival_noodles, layout_loops_ring,
          shapermc_ecumenical_altar_starsandcircs, minivault_27
D:2:      layout_basic
D:3:      layout_basic, nemelex_dance_club_becter, gup_sewer_entry_glass,
          eino_tiny_chamber, hangedman_abyss_or_decor_stabs
D:4:      layout_cave_pools, nicolae_uskayaw_murder_on_the_dancefloor,
          minmay_temple_entry_arrows, serial_glass, glass_columns_a,
          glass_columns_a, glass_columns_c, glass_columns_b, glass_columns_c,
          glass_columns_b, glass_columns_a, glass_columns_c, glass_columns_a,
          glass_columns_c, ebering_ghost_sewer_d, uniq_blork_the_orc,
          uniq_natasha
D:5:      layout_loops_ring, nicolae_overflow_crystal_walls,
          mainiacjoe_overflow_boulevard, chequers_serial_rivers_micro_d,
          minmay_misc_feat_rows, uniq_crazy_yiuf_cottage
D:6:      layout_cave_pools, minmay_lizard_king, uniq_menkaure, uniq_maggie
D:7:      layout_loops_ring, mainiacjoe_overflow_catwalk, led_sif_book,
          serial_shops, nicolae_diamond_shop, nrook_mini_vaults
D:8:      layout_layer_cave, lemuel_doored_altar, grunt_potential
D:9:      layout_basic, mainiacjoe_overflow_alcove_2, serial_shops, shop_statue,
          enter_bailey_2
D:10:     layout_rooms, lair_entry_dummy
D:11:     minmay_angry_zag, layout_rooms,
          ploomutoo_gammafunk_ghost_potion_laboratory, minmay_misc_feat_x
D:12:     layout_basic, serial_shops, nicolae_square_shop, nicolae_square_shop,
          kennysheep_little_box, shop_fountains, nrook_loot_triangle,
          uniq_snorg, uniq_frances
D:13:     evilmike_horseshoe, layout_basic, david_vaults_2, uniq_sonja,
          uniq_josephine, uniq_jorgrun
Lair:1:   layout_regular_city, beast_lair_carwin_3, uniq_fannar
Lair:2:   cheibrodos_lair_river_kwai, layout_loops_ring, swamp_mist_pool,
          spider_nest_entry_a, special_room [special_room_bee],
          chequers_serial_rivers_room_b
Lair:3:   layout_hall_layers
Lair:4:   pond_and_an_island_with_a_cottage, layout_hall_layers, st_stairs_3
Lair:5:   layout_gridlike, lemuel_fruit_fields
Lair:6:   gammafunk_lair_ancient_temple, layout_cave_pods,
          dpeg_slime_entry_corner, basic_altar, infiniplex_staircase_pool_2

Skill      XL: |  1  2  3  4  5  6  7  8  9 10 11 12 13 14 |
---------------+-------------------------------------------+-----
Axes           | 4 5 6 9 11 12 13 14 15 16 17 | 17.4
Fighting       | 4 5 6 7 9 10 12 13 14 15 16 | 16.0
Armour         | 4 7 9 10 12 13 | 13.8
Shields        | 4 7 9 11 | 11.9
Dodging        | 4 6 7 9 |  9.2

Action                   |  1- 3 |  4- 6 |  7- 9 | 10-12 | 13-15 || total
-------------------------+-------+-------+-------+-------+-------++-------
Melee: Hand axe          |    63 |   108 |    52 |       |       ||   223
       Headbutt          |    13 |    15 |    52 |   119 |   127 ||   326
       War axe           |       |       |   240 |    91 |       ||   331
       Broad axe         |       |       |       |   375 |   480 ||   855
Throw: Throwing net      |       |       |       |     1 |       ||     1
Invok: Berserk           |       |     1 |     1 |     3 |     2 ||     7
       Brothers in Arms  |       |       |       |     1 |     5 ||     6
       Trog's Hand       |       |       |       |     2 |     4 ||     6
Evoke: Wand              |       |       |       |       |     4 ||     4
  Use: Scroll            |       |     7 |     2 |    15 |     5 ||    29
       Potion            |       |       |       |       |     2 ||     2
 Stab: Sleeping          |       |     1 |       |       |       ||     1
       Petrified         |       |       |       |       |     2 ||     2
Armor: Animal skin       |    19 |    27 |     2 |       |       ||    48
       Plate armour      |       |       |   214 |   297 |   225 ||   736
Dodge: Dodged            |    28 |    73 |   117 |   206 |   135 ||   559
Block: Kite shield       |       |       |       |   272 |   415 ||   687
